AoeStats
← Rafaelbdoo

Arena

505530859Analyzed
1v1 RM · 24d ago on Sep 9, 2026· 54m 8s· 2 players
Game mode
Random Map
Map size
Tiny (2 player)
Population
200
Speed
Normal
Resources
Standard
Victory
Conquest
Starting age
Dark Age
Ending age
Imperial Age
RankedLock teamsTeams togetherTeam positionsShared explorationLock speedFull tech treeHidden civsTurbo modeCheats
Victory
Defeat
🇩🇿 Khmer · Algeria
569
+17
🇧🇷 Spanish · Brazil
587
-19
deva811
10:15 Loom
13:27 Feudal Age
14:09 Double-Bit Axe
19:24 Castle Age
19:42 Stone Mining
19:42 Gold Mining
19:35 Horse Collar
21:41 Forging
21:34 Padded Archer Armor
21:24 Fletching
21:43 Crossbowman
23:32 Pikeman
25:28 Masonry
25:17 Light Cavalry
28:41 Wheelbarrow
30:48 Heavy Plow
31:26 Stone Shaft Mining
31:26 Gold Shaft Mining
31:58 Coinage
32:18 Elite Skirmisher
33:26 Fervor
33:27 Redemption
34:59 Husbandry
35:10 Bloodlines
38:34 Imperial Age
37:03 Tusk Swords
39:00 Iron Casting
38:27 Scale Mail Armor
38:23 Bodkin Arrow
38:43 Leather Archer Armor
39:27 Hussar
42:36 Chemistry
42:08 Architecture
42:02 Hand Cart
42:00 Halberdier
43:01 Herbal Medicine
43:42 Theocracy
43:28 Sanctity
43:35 Illumination
43:18 Elite Battle Elephant
44:30 Conscription
46:26 Town Watch
47:42 Crop Rotation
47:02 Cavalier
49:44 Devotion
49:19 Heavy Scorpion
Rafaelbdoo
11:40 Feudal Age
16:32 Horse Collar
19:24 Castle Age
18:12 Stone Mining
18:12 Double-Bit Axe
18:09 Horse Collar
22:18 Scale Barding Armor
23:06 Town Watch
24:51 Fervor
24:50 Squires
26:21 Husbandry
25:44 Pikeman
27:31 Sanctity
28:26 Bloodlines
29:40 Heavy Plow
32:15 Stone Shaft Mining
31:59 Bow Saw
32:14 Inquisition
32:09 Gold Mining
32:54 Chain Barding Armor
33:39 Wheelbarrow
32:50 Loom
33:57 Light Cavalry
35:13 Hand Cart
35:38 Murder Holes
35:55 Masonry
36:52 Elite Skirmisher
43:22 Imperial Age
40:56 Town Patrol
44:37 Guilds
45:09 Conscription
45:32 Hoardings
45:15 Hussar
45:18 Elite Conquistador
45:56 Halberdier
47:29 Block Printing
Connection lost

Rejoining the realm…

Still unreachable

The connection could not be restored.

Session expired

The server has moved on; the page needs a fresh start.